TTWBAA
ADENA MOUNDS @ OVIEDO CALAMARES
04/14/2069
 
TOP OF THE 1ST
Adena Mounds batting - Pitching for Oviedo Calamares : LHP Jon Rainey
Pitching: LHP Jon Rainey
Batting: SHB Sam Bryant 0-0: Ball
1-0: Called Strike
1-1: Ball
2-1: Foul Ball, location: 9LMF
2-2: Ball
3-2: Fly out, F6 (Line Drive, 6M, EV 63.8 MPH)
Batting: SHB Ethan McFarland 0-0: Ball
1-0: Foul Ball, location: 2F
1-1: Ball
2-1: Ball
3-1: Foul Ball, location: 3F
3-2: Base on Balls
Batting: RHB Bill Rabinovich 0-0: Called Strike
0-1: Ball
1-1: Ball
2-1: 2-RUN HOME RUN (Flyball, 7LD, EV 93.1 MPH), Distance : 336 ft
Batting: RHB Brandon Holt 0-0: Ball
1-0: Fly out, F3 (Popup, 3SF, EV 83.8 MPH)
Batting: RHB Fred Muller 0-0: Foul Ball, location: 5FF
0-1: Ball
1-1: Swinging Strike
1-2: Ball
2-2: Foul Ball, location: 2F
2-2: Strikes out looking
Top of the 1st over - 2 runs, 1 hit, 0 errors, 0 left on base; Adena 2 - Oviedo 0
BOTTOM OF THE 1ST
Oviedo Calamares batting - Pitching for Adena Mounds : RHP Ángel Beltrán
Pitching: RHP Ángel Beltrán
Batting: RHB Akio Okada 0-0: Ball
1-0: Ball
2-0: SINGLE (Flyball, 4MD, EV 86.3 MPH)
Batting: RHB Joey Hankins 0-0: Ball
1-0: Ball
2-0: SINGLE (Groundball, 6MS, EV 72.5 MPH) (infield hit)
Akio Okada to second
Batting: LHB Alan Bolton 0-0: Called Strike
0-1: Ball
1-1: Called Strike
1-2: Strikes out swinging
Batting: RHB Jimmy Armentrout 0-0: Grounds into double play, 5-4-3 (Groundball, 56, EV 87.5 MPH)
Bottom of the 1st over - 0 runs, 2 hits, 0 errors, 1 left on base; Adena 2 - Oviedo 0
TOP OF THE 2ND
Adena Mounds batting - Pitching for Oviedo Calamares : LHP Jon Rainey
Batting: RHB Ramón Magana 0-0: Called Strike
0-1: Foul Ball, location: 5F
0-2: Foul Ball, location: 7LDF
0-2: Ball
1-2: Ball
2-2: Strikes out swinging
Batting: RHB Adam Carter 0-0: Ball
1-0: Called Strike
1-1: Ball
2-1: Ball
3-1: Ground out 6-3 (Groundball, 6, EV 83.8 MPH)
Batting: RHB Frederick Williams 0-0: Ball
1-0: Ground out 6-3 (Groundball, 6, EV 87.5 MPH)
Top of the 2nd over - 0 runs, 0 hits, 0 errors, 0 left on base; Adena 2 - Oviedo 0
BOTTOM OF THE 2ND
Oviedo Calamares batting - Pitching for Adena Mounds : RHP Ángel Beltrán
Batting: LHB John Lomond 0-0: Ball
1-0: Ball
2-0: Called Strike
2-1: Foul Ball, location: 7LSF
2-2: Ball
3-2: Strikes out swinging
Batting: RHB Lorenzo Román 0-0: Called Strike
0-1: Ball
1-1: Foul Ball, location: 9LDF
1-2: Ball
2-2: Ground out U3 (Groundball, 3L, EV 108.8 MPH)
Batting: RHB Lianush Norashkharian 0-0: Called Strike
0-1: Foul Ball, location: 5F
0-2: Ball
1-2: Strikes out looking
Bottom of the 2nd over - 0 runs, 0 hits, 0 errors, 0 left on base; Adena 2 - Oviedo 0
TOP OF THE 3RD
Adena Mounds batting - Pitching for Oviedo Calamares : LHP Jon Rainey
Batting: RHB Ed Reed 0-0: Foul Ball, location: 2F
0-1: Swinging Strike
0-2: Strikes out swinging
Batting: SHB Sam Bryant 0-0: Ball
1-0: Swinging Strike
1-1: SINGLE (Groundball, 34D, EV 97.5 MPH)
Batting: SHB Ethan McFarland 0-0: Called Strike
0-1: Ball
1-1: Foul Ball, location: 5FF
1-2: Ball
2-2: Ball
Sam Bryant steals 2nd base
3-2: Base on Balls
Batting: RHB Bill Rabinovich 0-0: Ball
1-0: Called Strike
1-1: Fly out, F7 (Line Drive, 78S, EV 85.0 MPH)
Batting: RHB Brandon Holt 0-0: Ball
1-0: Foul Ball, location: 2F
1-1: Fielders Choice at 3rd, U5 (Groundball, 5, EV 88.1 MPH)
Top of the 3rd over - 0 runs, 1 hit, 0 errors, 1 left on base; Adena 2 - Oviedo 0
BOTTOM OF THE 3RD
Oviedo Calamares batting - Pitching for Adena Mounds : RHP Ángel Beltrán
Batting: RHB Peter Jones 0-0: Called Strike
0-1: Called Strike
0-2: Strikes out swinging
Batting: RHB Shawn Manning 0-0: Ball
1-0: Called Strike
1-1: Foul Ball, location: 3F
1-2: Foul Ball, location: 25FF
1-2: Strikes out swinging
Batting: RHB Akio Okada 0-0: Called Strike
0-1: Ball
1-1: Ball
2-1: Called Strike
2-2: Strikes out swinging
Bottom of the 3rd over - 0 runs, 0 hits, 0 errors, 0 left on base; Adena 2 - Oviedo 0
TOP OF THE 4TH
Adena Mounds batting - Pitching for Oviedo Calamares : LHP Jon Rainey
Batting: RHB Fred Muller 0-0: Ball
1-0: Ball
2-0: Called Strike
2-1: Ground out 5-3 (Groundball, 5, EV 80.6 MPH)
Batting: RHB Ramón Magana 0-0: Ball
1-0: Called Strike
1-1: DOUBLE (Line Drive, 78D, EV 111.3 MPH)
Batting: RHB Adam Carter 0-0: Ball
1-0: Swinging Strike
1-1: Called Strike
1-2: Strikes out swinging
Batting: RHB Frederick Williams 0-0: Swinging Strike
0-1: Swinging Strike
0-2: Strikes out swinging
Top of the 4th over - 0 runs, 1 hit, 0 errors, 1 left on base; Adena 2 - Oviedo 0
BOTTOM OF THE 4TH
Oviedo Calamares batting - Pitching for Adena Mounds : RHP Ángel Beltrán
Batting: RHB Joey Hankins 0-0: Ball
1-0: Called Strike
1-1: Ball
2-1: Called Strike
2-2: Ground out 4-3 (Groundball, 4S, EV 66.9 MPH)
Batting: LHB Alan Bolton 0-0: Ball
1-0: Ball
2-0: Ball
3-0: Called Strike
3-1: Base on Balls
Batting: RHB Jimmy Armentrout 0-0: Swinging Strike
0-1: Called Strike
0-2: Ball
1-2: Strikes out swinging
Batting: LHB John Lomond 0-0: Ball
1-0: Foul Ball, location: 25F
1-1: Ground out U3 (Groundball, 3S, EV 65.0 MPH)
Bottom of the 4th over - 0 runs, 0 hits, 0 errors, 1 left on base; Adena 2 - Oviedo 0
TOP OF THE 5TH
Adena Mounds batting - Pitching for Oviedo Calamares : LHP Jon Rainey
Batting: RHB Ed Reed 0-0: Ground out 4-3 (Groundball, 4M, EV 83.8 MPH)
Batting: SHB Sam Bryant 0-0: Ball
1-0: Ball
2-0: Called Strike
2-1: Foul Ball, location: 9LSF
2-2: Ball
3-2: Strikes out looking
Batting: SHB Ethan McFarland 0-0: Fly out, F3 (Popup, 3SF, EV 75.0 MPH)
Top of the 5th over - 0 runs, 0 hits, 0 errors, 0 left on base; Adena 2 - Oviedo 0
BOTTOM OF THE 5TH
Oviedo Calamares batting - Pitching for Adena Mounds : RHP Ángel Beltrán
Batting: RHB Lorenzo Román 0-0: Ball
1-0: Swinging Strike
1-1: Ball
2-1: Foul Ball, location: 9LDF
2-2: Ball
3-2: Foul Ball, location: 23F
3-2: Foul Ball, location: 2F
3-2: SINGLE (Groundball, 6M, EV 108.8 MPH) (infield hit)
Batting: RHB Lianush Norashkharian 0-0: SINGLE (Groundball, 6MD, EV 94.4 MPH)
Lorenzo Román to second
Batting: RHB Peter Jones 0-0: Called Strike
0-1: Foul Ball, location: 9LSF
0-2: SINGLE (Line Drive, 7S, EV 98.1 MPH)
Lorenzo Román to third
Lianush Norashkharian to second
Batting: RHB Shawn Manning 0-0: Foul Ball, location: 5FF
0-1: Foul Ball, location: 2F
0-2: Ball
1-2: Strikes out swinging
Batting: RHB Akio Okada 0-0: Called Strike
0-1: Swinging Strike
0-2: Ball
1-2: Foul Ball, location: 2F
1-2: Strikes out swinging
Batting: RHB Joey Hankins 0-0: Called Strike
0-1: Ball
1-1: Fielders Choice at 2nd, 6-4 (Groundball, 6MD, EV 95.0 MPH)
Bottom of the 5th over - 0 runs, 3 hits, 0 errors, 3 left on base; Adena 2 - Oviedo 0
TOP OF THE 6TH
Adena Mounds batting - Pitching for Oviedo Calamares : LHP Jon Rainey
Batting: RHB Bill Rabinovich 0-0: Ball
1-0: Swinging Strike
1-1: Ball
2-1: Foul Ball, location: 2F
2-2: Ground out 5-3 (Groundball, 5, EV 83.8 MPH)
Batting: RHB Brandon Holt 0-0: Ball
1-0: Ball
2-0: Ground out U3 (Groundball, 3, EV 78.8 MPH)
Batting: RHB Fred Muller 0-0: Foul Ball, location: 2F
0-1: Ball
1-1: Fly out, F3 (Popup, 3F, EV 81.9 MPH)
Top of the 6th over - 0 runs, 0 hits, 0 errors, 0 left on base; Adena 2 - Oviedo 0
BOTTOM OF THE 6TH
Oviedo Calamares batting - Pitching for Adena Mounds : RHP Ángel Beltrán
Batting: LHB Alan Bolton 0-0: Called Strike
0-1: Ball
1-1: Ball
2-1: Fly out, F7 (Line Drive, 7S, EV 87.5 MPH)
Batting: RHB Jimmy Armentrout 0-0: Called Strike
0-1: Fly out, F8 (Flyball, 8LD, EV 105.0 MPH)
Batting: LHB John Lomond 0-0: Ball
1-0: Called Strike
1-1: Ball
2-1: Ball
3-1: Called Strike
3-2: SINGLE (Line Drive, 56, EV 104.4 MPH)
Batting: RHB Lorenzo Román 0-0: Called Strike
0-1: Ball
1-1: Called Strike
1-2: Ball
2-2: Ball
3-2: DOUBLE (Line Drive, 78D, EV 108.1 MPH)
John Lomond to third
John Lomond scores
Batting: RHB Lianush Norashkharian 0-0: Called Strike
0-1: Fly out, F4 (Line Drive, 4, EV 98.8 MPH)
Bottom of the 6th over - 1 run, 2 hits, 0 errors, 1 left on base; Adena 2 - Oviedo 1
TOP OF THE 7TH
Adena Mounds batting - Pitching for Oviedo Calamares : LHP Jon Rainey
Batting: RHB Ramón Magana 0-0: Ball
1-0: Called Strike
1-1: Fly out, F8 (Flyball, 8LM, EV 84.4 MPH)
Batting: RHB Adam Carter 0-0: Ball
1-0: Ball
2-0: Foul Ball, location: 5DF
2-1: Foul Ball, location: 2F
2-2: Strikes out looking
Batting: RHB Frederick Williams 0-0: Ball
1-0: SINGLE (Flyball, 8RS, EV 87.5 MPH)
Batting: RHB Ed Reed 0-0: Ball
1-0: Ball
2-0: Ball
3-0: Called Strike
3-1: SINGLE (Groundball, 34D, EV 105.0 MPH)
Frederick Williams to second
Batting: SHB Sam Bryant 0-0: Called Strike
0-1: Ground out 3-1 (Groundball, 34S, EV 83.8 MPH)
Top of the 7th over - 0 runs, 2 hits, 0 errors, 2 left on base; Adena 2 - Oviedo 1
BOTTOM OF THE 7TH
Oviedo Calamares batting - Pitching for Adena Mounds : RHP Ángel Beltrán
Batting: RHB Peter Jones 0-0: Called Strike
0-1: Swinging Strike
0-2: Foul Ball, location: 7LMF
0-2: Ball
1-2: SINGLE (Groundball, 56D, EV 110.0 MPH)
Batting: RHB Shawn Manning 0-0: Bunted foul
0-1: Bunted foul
0-2: Ball
1-2: Grounds into double play, 6-4-3 (Groundball, 6, EV 91.3 MPH)
Batting: RHB Akio Okada 0-0: Ball
1-0: Ball
2-0: Ball
3-0: Base on Balls
Pitching: RHP Jim Brady
Batting: RHB Joey Hankins 0-0: Called Strike
Akio Okada steals 2nd base
0-1: Ball
1-1: Called Strike
1-2: TRIPLE (Line Drive, 9LD, EV 105.6 MPH)
Akio Okada scores
Batting: LHB Alan Bolton 0-0: Ground out U3 (Groundball, 3S, EV 90.0 MPH)
Bottom of the 7th over - 1 run, 2 hits, 0 errors, 1 left on base; Adena 2 - Oviedo 2
TOP OF THE 8TH
Adena Mounds batting - Pitching for Oviedo Calamares : LHP Jon Rainey
Batting: SHB Ethan McFarland 0-0: Called Strike
0-1: Ground out 4-3 (Groundball, 4, EV 83.1 MPH)
Batting: RHB Bill Rabinovich 0-0: Fly out, F9 (Line Drive, 9, EV 91.3 MPH)
Batting: RHB Brandon Holt 0-0: Called Strike
0-1: Called Strike
0-2: Foul Ball, location: 3DF
0-2: Ball
1-2: Foul Ball, location: 25FF
1-2: Fly out, F9 (Line Drive, 9S, EV 96.3 MPH)
Top of the 8th over - 0 runs, 0 hits, 0 errors, 0 left on base; Adena 2 - Oviedo 2
BOTTOM OF THE 8TH
Oviedo Calamares batting - Pitching for Adena Mounds : RHP Jim Brady
Batting: RHB Jimmy Armentrout 0-0: Ball
1-0: Ball
2-0: Ball
3-0: Called Strike
3-1: Foul Ball, location: 5F
3-2: Foul Ball, location: 9LMF
3-2: Foul Ball, location: 2F
3-2: Base on Balls
Batting: LHB John Lomond 0-0: Called Strike
0-1: Swinging Strike
0-2: SINGLE (Groundball, 3D, EV 101.3 MPH)
Jimmy Armentrout to second
Batting: RHB Lorenzo Román 0-0: Called Strike
0-1: Ball
1-1: Ball
2-1: Grounds into double play, 6-4-3 (Groundball, 6S, EV 83.8 MPH)
Jimmy Armentrout to third
Batting: RHB Lianush Norashkharian 0-0: Fly out, F8 (Flyball, 8RM, EV 86.9 MPH)
Bottom of the 8th over - 0 runs, 1 hit, 0 errors, 1 left on base; Adena 2 - Oviedo 2
TOP OF THE 9TH
Adena Mounds batting - Pitching for Oviedo Calamares : LHP Jon Rainey
Batting: RHB Fred Muller 0-0: Ball
1-0: Foul Ball, location: 2F
1-1: Ball
2-1: Ball
3-1: Foul Ball, location: 2F
3-2: Foul Ball, location: 23F
3-2: Ground out 6-3 (Groundball, 6, EV 78.8 MPH)
Batting: RHB Ramón Magana 0-0: Fly out, F8 (Flyball, 8LXD, EV 104.4 MPH)
Batting: RHB Adam Carter 0-0: Foul Ball, location: 2F
0-1: Fly out, F9 (Flyball, 9S, EV 96.3 MPH)
Top of the 9th over - 0 runs, 0 hits, 0 errors, 0 left on base; Adena 2 - Oviedo 2
BOTTOM OF THE 9TH
Oviedo Calamares batting - Pitching for Adena Mounds : RHP Jim Brady
Batting: RHB Peter Jones 0-0: Swinging Strike
0-1: Ball
1-1: Swinging Strike
1-2: Ball
2-2: Fly out, F8 (Flyball, 8RD, EV 108.8 MPH)
Batting: RHB Shawn Manning 0-0: Called Strike
0-1: Ground out 6-3 (Groundball, 6M, EV 91.3 MPH)
Batting: RHB Akio Okada 0-0: Called Strike
0-1: Foul Ball, location: 2F
0-2: Ground out 6-3 (Groundball, 56, EV 87.5 MPH)
Bottom of the 9th over - 0 runs, 0 hits, 0 errors, 0 left on base; Adena 2 - Oviedo 2
TOP OF THE 10TH
Adena Mounds batting - Pitching for Oviedo Calamares : LHP Jon Rainey
Pitching: RHP Bill Wise
Pinch Hitting: RHB Albert Morris 0-0: Ball
1-0: Called Strike
1-1: Swinging Strike
1-2: Strikes out swinging
Pinch Hitting: RHB Dave Higgins 0-0: Ball
1-0: Ground out 4-3 (Groundball, 4, EV 87.5 MPH)
Batting: SHB Sam Bryant 0-0: Ball
1-0: Ball
2-0: Ball
3-0: Called Strike
3-1: Called Strike
3-2: Base on Balls
Batting: SHB Ethan McFarland 0-0: Ball
1-0: Fly out, F7 (Line Drive, 7, EV 91.9 MPH)
Top of the 10th over - 0 runs, 0 hits, 0 errors, 1 left on base; Adena 2 - Oviedo 2
BOTTOM OF THE 10TH
Oviedo Calamares batting - Pitching for Adena Mounds : RHP Jim Brady
Now at C: Dave Higgins
Now in LF: Albert Morris
Now in CF: Brandon Holt
Batting: RHB Joey Hankins 0-0: Ball
1-0: Ball
2-0: Swinging Strike
2-1: Ball
3-1: Called Strike
3-2: Base on Balls
Batting: LHB Alan Bolton 0-0: Ball
Joey Hankins steals 2nd base
1-0: SINGLE (Groundball, 6MD, EV 95.0 MPH)
Joey Hankins to third
Batting: RHB Jimmy Armentrout 0-0: Called Strike
0-1: Swinging Strike
0-2: Ball
1-2: Strikes out looking
Batting: LHB John Lomond 0-0: Ball
1-0: Ball
2-0: Hit by Pitch
Alan Bolton to second
Batting: RHB Lorenzo Román 0-0: Foul Ball, location: 9LSF
0-1: Ball
1-1: Called Strike
1-2: Foul Ball, location: 2F
1-2: Ball
2-2: Grounds into fielders choice 6-2 (Groundball, 6, EV 100.6 MPH)
Alan Bolton to third
John Lomond to second
Batting: RHB Lianush Norashkharian 0-0: Ball
1-0: SINGLE (Line Drive, 89S, EV 102.5 MPH)
Alan Bolton scores
Bottom of the 10th over - 1 run, 2 hits, 0 errors, 2 left on base; Adena 2 - Oviedo 3
Saturday, March 15th , 2025 - OOTP Baseball 25.11 Build 103